 Dungeon Crawl Stone Soup version 0.29.1-13-g9f3cf754e1 (webtiles) character file.

Game seed: 7567056929754519646

93 croobank the Insei (level 4, -4/36 HPs)
             Began as a Draconian Transmuter on Feb 10, 2023.
             Shot with an arrow by a centaur (7 damage)
             ... on level 3 of the Dungeon.
             The game lasted 00:06:34 (1739 turns).

croobank the Insei (Draconian Transmuter)           Turns: 1739, Time: 00:06:35

Health: -4/36      AC:  5    Str: 10 (12) XL:     4   Next: 37%
Magic:  7/7        EV: 12    Int: 15 (18) God:
Gold:   116        SH:  0    Dex: 10 (12) Spells: 2/8 levels left

rFire   . . .      SeeInvis +   e - +8 dagger "Hekaofri" {distort, Int+3 SInv}
rCold   . . .      Faith    .   (no shield)
rNeg    . . .      Spirit   .   (body armour unavailable)
rPois   .          Reflect  .   (helmet restricted)
rElec   .          Harm     .   (no cloak)
rCorr   .          Rampage  .   (no gloves)
Will    .....                   (no boots)
Stlth   +.........              (no amulet)
HPRegen 0.12/turn               (no ring)
MPRegen 0.10/turn               (no ring)

@: hasted, very quick
A: AC +5, unfitting armour, cold-blooded
a: no special abilities


You were on level 3 of the Dungeon.
You visited 1 branch of the dungeon, and saw 3 of its levels.

You collected 116 gold pieces.

Inventory:

Hand Weapons
 b - a +0 hand axe
 c - a +0 short sword
 d - a +0 dagger
 e - the +8 dagger "Hekaofri" (weapon) {distort, Int+3 SInv}
   (You found it on level 2 of the Dungeon)

   It warps and distorts space around it, and may blink, banish, or inflict
   extra damage upon those it strikes.
   Unwielding it can cause banishment or high damage.
   Int:       It affects your intelligence (+3).
   SInv:      It lets you see invisible.
 j - a +4 short sword of draining
Potions
 a - a potion of lignification
 f - a potion of haste


   Skills:
 + Level 2.2 Fighting
 + Level 0.1 Short Blades
 + Level 2.4 Dodging
 - Level 3.4 Unarmed Combat
 + Level 2.5 Spellcasting
 + Level 2.6 Transmutations
 + Level 0.7 Poison Magic


You had 2 spell levels left.
You knew the following spells:

 Your Spells              Type           Power      Damage    Failure   Level
a - Beastly Appendage     Tmut           18%        N/A       7%          1
b - Wereblood             Tmut           9%         N/A       11%         2
c - Spider Form           Tmut/Pois      6%         N/A       32%         3

Your spell library contained the following spells:

 Spells                   Type           Power      Damage    Failure   Level
 Magic Dart               Conj           4%         1d3       22%         1
 Shock                    Conj/Air       4%         1d3       22%         1
 Call Imp                 Summ           1%         N/A       32%         2
 Mephitic Cloud           Conj/Pois/Air  2%         N/A       50%         3
 Swiftness                Air            1%         N/A       54%         3
 Ice Form                 Ice/Tmut       5%         N/A       77%         4
 Airstrike                Air            0%         2d(1-17)  91%         4
 Cause Fear               Hex            0%         N/A       91%         4
 Dragon Form              Tmut           4%         N/A       100%        7
 Dragon's Call            Summ           0%         N/A       100%        9


Dungeon Overview and Level Annotations

Branches:
Dungeon (3/15)

Altars:


Innate Abilities, Weirdness & Mutations

Your plain brown scales are hard. (AC +5)
You cannot fit into any form of body armour.
You are cold-blooded and may be slowed by cold attacks.


Message History

The centaur shoots an arrow.
The arrow hits you!
* * * LOW HITPOINT WARNING * * *
It was a potion of degeneration.
There was something very wrong with that liquid.
You feel weakened.
You feel dopey.
You feel clumsy.
The centaur shoots an arrow.
The arrow hits you.
* * * LOW HITPOINT WARNING * * *
The centaur shoots an arrow.
The arrow hits you but does no damage.
The centaur shoots an arrow.
The arrow hits you.
* * * LOW HITPOINT WARNING * * *
The centaur shoots an arrow.
The arrow hits you but does no damage.
The centaur shoots an arrow.
The arrow hits you but does no damage.
The centaur shoots an arrow.
The arrow barely misses you.
You feel less invigorated.
You feel less confused.
The centaur shoots an arrow.
The arrow hits you.
The centaur shoots an arrow.
The arrow hits you but does no damage.
Your transformation is almost over.
The centaur shoots an arrow.
The arrow hits you but does no damage.
The centaur shoots an arrow.
The arrow barely misses you.
The centaur shoots an arrow.
The arrow hits you.
The centaur shoots an arrow.
The arrow hits you but does no damage.
The centaur shoots an arrow.
The arrow hits you but does no damage.
The centaur shoots an arrow.
The arrow hits you but does no damage.
The centaur shoots an arrow.
The arrow barely misses you.
The centaur shoots an arrow.
The arrow hits you but does no damage.
You aren't carrying any items that you can evoke.
Unknown command.
You cannot move.
You cannot move.
A centaur is nearby!
The centaur shoots an arrow.
The arrow hits you!
* * * LOW HITPOINT WARNING * * *
The centaur shoots an arrow.
The arrow hits you!
* * * LOW HITPOINT WARNING * * *
Okay, then.
The centaur shoots an arrow.
The arrow hits you but does no damage.
You feel less wooden.
The centaur shoots an arrow.
The arrow hits you!
You die...

,,,,* *,*######### #..#.# ,,,,*
*,*#.......# #..#.# ,,,,*
*****,*#.......# #..#.#
,,,,******,,,,,*#.......# #..#.#
,,,,,,,,,.,*,,,,#.......# #..#.##
*****,,,,,..,,,,#.......# #......
*****,*****#.####....<..###....##
,,,,,,,,,..#............'......#,
*****,***.....c.@.......###.#..#,
* *,* *.........###..........#,
*****,* *.........# #.......##.#,
,,,,*,* *.........# #.......+..#,
,,,,*,* *.######### #.......####,
,,,,*,* *,* #.......# *, ,,,,*,*
*,* #.......# *, ,>,,*,***,****
#.......# *, ,,,,*,*,,,,,,*
###'##### *,


You could see a centaur.

Vanquished Creatures
  An orc priest (D:2)
  An adder (D:3)
  2 worms (D:2)
  3 orcs (D:2)
  6 bats
  3 endoplasms (D:1)
  2 giant cockroaches
  5 goblins
  4 hobgoblins
  7 kobolds
  A quokka (D:1)
  3 ball pythons
  4 frilled lizards
  2 rats (D:2)
44 creatures vanquished.

Notes
Turn   | Place    | Note
-------+----------+-------------------------------------------
     0 | D:1      | croobank the Draconian Transmuter began the quest for the
                  | Orb.
     0 | D:1      | Reached XP level 1. HP: 16/16 MP: 3/3
    83 | D:1      | Reached XP level 2. HP: 17/23 MP: 3/5
   526 | D:1      | Learned a level 2 spell: Wereblood
   862 | D:2      | Reached XP level 3. HP: 29/29 MP: 3/6
   866 | D:2      | Learned a level 3 spell: Spider Form
  1114 | D:2      | Reached XP level 4. HP: 27/36 MP: 4/7
  1275 | D:2      | Identified the +8 dagger "Hekaofri" {distort, Int+3 SInv}
  1304 | D:2      | Found a faded altar of an unknown god.
  1707 | D:3      | Noticed a centaur
  1739 | D:3      | Shot with an arrow by a centaur

Illustrated notes

Levels and vault maps discovered:
D:1:      dpeg_arrival_pits, layout_basic, chequers_garden
D:2:      layout_rooms, shapermc_ecumenical_altar_venn
D:3:      layout_basic, lemuel_round_altar, minmay_quadrilaterals

Skill      XL: |  1  2  3 |
---------------+----------+-----
Dodging        | 2 |  2.4
Fighting       | 2 |  2.2
Short Blades   | |  0.1
Unarmed Combat | |  3.4
Spellcasting   | |  2.5
Transmutations | |  2.6
Poison Magic   | |  0.7

Action                   |  1- 3 |  4- 6 || total
-------------------------+-------+-------++-------
Melee: Unarmed           |    16 |       ||    16
       Kick              |    16 |     7 ||    23
       Headbutt          |    10 |     1 ||    11
       Punch             |     2 |       ||     2
       Short sword       |    62 |    13 ||    75
       Tailslap          |     7 |     1 ||     8
       Dagger            |       |     7 ||     7
 Cast: Beastly Appendage |    18 |     5 ||    23
       Wereblood         |     5 |     3 ||     8
  Use: Potion            |       |     7 ||     7
       Scroll            |       |     6 ||     6
Armor: Skin              |    33 |    30 ||    63
Dodge: Dodged            |    59 |    45 ||   104
